[Event "Early-Titled-Tuesday-Blitz-March-19-2024"]
[Site "Chess.com"]
[Date "2024.03.19"]
[Round "6"]
[White "LLariMarc"]
[Black "SlavenPastar"]
[Result "1-0"]
[WhiteElo "2423"]
[BlackElo "2558"]
[TimeControl "180+1"]
[EndTime "9:07:08 PDT"]
[Termination "LLariMarc won on time"]

1. d4 b6 2. c4 Bb7 3. Nc3 e6 4.
Nf3 Nf6 5. Bg5 Be7 6. e3 h6 7.
Bh4 Ne4 8. Bxe7 Qxe7 9. Nxe4 Bxe4 10. Bd3 Bxd3 11. Qxd3 O-O 12. O-O d6 13. e4 Nd7 14.
Rfe1 e5 15. Rad1 exd4 16. Nxd4 Ne5 17. Qc3 Ng6 18. Nf5 Qe5 19. Qxe5 Nxe5 20. b3 Kh7 21. f3 g6 22. Ne3 Rad8 23. Nd5 c6 24. Ne3 f6 25.
Rd2 Rd7 26. Red1 Rfd8 27. h3 Kg7 28. Kf2 h5 29. h4 Kf8 30. g3 Ke7 31. Nc2 b5 32.
cxb5 cxb5 33. Nb4 Rc8 34. Ke2 Ke6 35. Rc2 Rxc2+ 36. Nxc2 Ke7 37. Nd4 Rc7 38. f4 Ng4 39.
Nxb5 Rc2+ 40. Rd2 Rc1 41. Nxa7 Rg1 42. Kf3 Rf1+ 43. Ke2 Rg1 44. Nc6+ Kd7 45. Nb4 Rg2+ 46. Kd3 Rxg3+ 47. Kd4 Rf3 48. Nd5 Rh3 49. Rc2 Rxh4 50.
Rc7+ Kd8 51. Rg7 Rh1 52. Rxg6 Rd1+ 53. Kc4 Nf2 54. Rh6 Nxe4 55. Rxh5 Rc1+ 56. Kd4 Nd2 57. Rh8+ Kd7 58. Nxf6+ Ke6 59. Nd5 Nf3+ 60. Ke3 Ng1 61. Nb4 1-0

[Event "Early-Titled-Tuesday-Blitz-March-19-2024"]
[Site "Chess.com"]
[Date "2024.03.19"]
[Round "6"]
[White "MikeWizard"]
[Black "HanSchut"]
[Result "1-0"]
[WhiteElo "2124"]
[BlackElo "2285"]
[TimeControl "180+1"]
[EndTime "9:07:08 PDT"]
[Termination "MikeWizard won by resignation"]

1. d4 Nf6 2. c4 g6 3. Nc3 d5 4. cxd5 Nxd5 5. Bd2 Nb6 6. e4 Qxd4 7. Nf3 Qd8 8. Qb3 Be6 9. Qc2 c6 10. h4 h5 11. Ng5 Qc8 12. a4 Bg7 13. a5 Nc4 14. Bf4 O-O 15. Na4 Ne5 16. Nc5 Bd7 17. Be2 Be8 18. Qb3 Nbd7 19. Nxb7 Rb8 20. a6 Nc5 21. Qc2 Nxb7 22. axb7 Rxb7 23. Ba6 c5 24.
Bxb7 Qxb7 25. O-O Bb5 26. Rfd1 Nc4 27. e5 a6 28. Re1 e6 29. b3 Nb6 30. Qxc5 Rc8 31. Qd4 Nd5 32. Bd2 Bf8 33. Rec1 Rxc1+ 34. Rxc1 Be7 35. g3 Kg7 36. Ne4 Bd7 37. Nd6 Qb6 38. Qxb6 Nxb6 39. Rc7 Bd8 40. Rb7 Bc8 41. Nxc8 Nxc8 42.
Rb8 Be7 43. Rxc8 a5 44. Ra8 1-0

[Event "Early-Titled-Tuesday-Blitz-March-19-2024"]
[Site "Chess.com"]
[Date "2024.03.19"]
[Round "6"]
[White "atalz0"]
[Black "santosalberto1987"]
[Result "0-1"]
[WhiteElo "2367"]
[BlackElo "2565"]
[TimeControl "180+1"]
[EndTime "9:07:09 PDT"]
[Termination "santosalberto1987 won on time"]

1. d4 Nf6 2. c4 d6 3. Nc3 e5 4.
dxe5 dxe5 5. Qxd8+ Kxd8 6. Nf3 Nc6 7. Bg5 Be6 8. O-O-O+ Kc8 9. Nd5 Ne4 10. Be3 Bc5 11.
Bxc5 Nxc5 12. Ng5 h6 13. Nxe6 Nxe6 14. e3 a5 15. g3 Nb4 16. a3 Nxd5 17. Rxd5 f6 18.
Bh3 Re8 19. Rhd1 Ra6 20. b3 Kb8 21. Kb2 Rc6 22. Rd7 a4 23. Bxe6 Rexe6 24. Rxg7 axb3 25. Kxb3 Rb6+ 26. Kc3 Ra6 27. Ra1 Rec6 28. a4 b5 29. Kb4 Rxc4+ 30. Kxb5 Rac6 31. Rb1 Ka7 32. Ka5 Ra6+ 33.
Kb5 Raxa4 34. Rxc7+ Rxc7 35. Kxa4 Rc2 36. Rf1 Kb6 37.
Kb3 Re2 38. Kc3 Kc5 39. Kd3 Ra2 40. Ke4 Kd6 41. Kf5 Ke7 42. Kg6 Ke6 43. g4 e4 44.
Kxh6 f5 45. h3 Ke5 46. Kg5 Ra8 47. Kh4 f4 48. exf4+ Kxf4 49. Kh5 Rh8+ 50. Kg6 Rxh3 51.
Rg1 Rh2 52. g5 Rxf2 53. Kf6 Ke3+ 54. Ke5 Kf3 55. g6 Ra2 56. g7 Ra8 57. g8=Q Rxg8 58. Rxg8 e3 59. Rf8+ Kg2 0-1

[Event "Early-Titled-Tuesday-Blitz-March-19-2024"]
[Site "Chess.com"]
[Date "2024.03.19"]
[Round "6"]
[White "Szparu"]
[Black "Dyadya81"]
[Result "0-1"]
[WhiteElo "2807"]
[BlackElo "2954"]
[TimeControl "180+1"]
[EndTime "9:07:12 PDT"]
[Termination "Dyadya81 won by checkmate"]

1. e4 c6 2. d4 d5 3. e5 Bf5 4.
h4 h6 5. g4 Bd7 6. h5 Qc8 7. Be2 c5 8. c3 Nc6 9. Na3 e6 10. Nc2 Qc7 11. f4 cxd4 12. Nxd4 Nxd4 13. cxd4 Ne7 14. Nf3 Nc6 15. Kf2 Qb6 16. Kg3 O-O-O 17. a3 Be7 18. b4 Kb8 19. Be3 f6 20. Qd2 Rhf8 21. Bd3 Rc8 22. Rac1 f5 23. Rc2 fxg4 24. Kxg4 Bd8 25. Rhc1 Ne7 26. Rxc8+ Bxc8 27. Nh4 Nf5 28. Ng6 Re8 29. Bf2 Bd7 30. Kh3 a5 31. Rc5 axb4 32. axb4 Qa7 33. Bxf5 exf5 34. Rxd5 Qa3+ 35. Qe3 Qa4 36.
b5 Bxb5 37. e6 Bf1+ 38. Kh2 Qd1 39. Rxf5 Qg4 40. Qh3 Qxh3+ 41. Kg1 Qg2# 0-1

[Event "Early-Titled-Tuesday-Blitz-March-19-2024"]
[Site "Chess.com"]
[Date "2024.03.19"]
[Round "6"]
[White "Eagle_2019"]
[Black "SmirnovAlexandrA"]
[Result "0-1"]
[WhiteElo "2854"]
[BlackElo "2646"]
[TimeControl "180+1"]
[EndTime "9:07:12 PDT"]
[Termination "SmirnovAlexandrA won on time"]

1. d4 Nf6 2. Bg5 g6 3. Bxf6 exf6 4. e3 d5 5. c4 c6 6. Nc3 Bg7 7. cxd5 cxd5 8. Qb3 O-O 9. Qxd5 Qc7 10. Nf3 Be6 11.
Qb5 a6 12. Qd3 Nc6 13. Be2 f5 14. O-O Rad8 15. Rac1 Qb8 16. Rfd1 f4 17. Qd2 fxe3 18. Qxe3 Rfe8 19. Qg5 Nxd4 20. Nxd4 Rxd4 21. Rxd4 Bxd4 22.
Bf3 Bxc3 23. Rxc3 Bxa2 24. g3 Be6 25. h4 b5 26. h5 Qd8 27. Qf4 Qb8 28. Qf6 Qd8 29.
Qf4 Qb8 30. Qxb8 Rxb8 31. h6 Kf8 32. Rc6 a5 33. Ra6 a4 34. Bc6 Ke7 35. Ra5 Bc4 36. Ra7+ Kd6 37. Bf3 Kc5 38. Rc7+ Kb4 39. Bd1 Rd8 40.
Bg4 Kb3 41. Bd7 Kxb2 0-1

[Event "Early-Titled-Tuesday-Blitz-March-19-2024"]
[Site "Chess.com"]
[Date "2024.03.19"]
[Round "6"]
[White "shimastream"]
[Black "Rodalquilar"]
[Result "1-0"]
[WhiteElo "3006"]
[BlackElo "2790"]
[TimeControl "180+1"]
[EndTime "9:07:12 PDT"]
[Termination "shimastream won on time"]

1. e4 d5 2. exd5 Qxd5 3. h3 Nf6 4. Nf3 Bf5 5. d4 Nc6 6. Nc3 Qd7 7. Bb5 O-O-O 8. Ne5 Qxd4 9. Nxf7 Ne4 10. Be3 Nxc3 11. Bxd4 Nxd1 12. Bxc6 Rxd4 13. Rxd1 Rxd1+ 14. Kxd1 Rg8 15.
Bd5 e6 16. Bb3 Bc5 17. Ke2 Rf8 18. Ng5 h6 19. Nf3 Bd6 20. Nd4 Be5 21. c3 Re8 22. Ke3 c5 23. Nf3 Bd6 24. Rd1 Kc7 25. a4 a6 26. a5 Bg6 27. Nd2 Rf8 28. Nc4 Bf4+ 29. Ke2 Bh5+ 30. f3 Bg6 31. Nb6 Rf7 32. Bxe6 Re7 33.
Nd5+ Kd6 34. Nxe7+ Kxe7 35. Bd5 1-0

[Event "Early-Titled-Tuesday-Blitz-March-19-2024"]
[Site "Chess.com"]
[Date "2024.03.19"]
[Round "6"]
[White "Lion-Al-Messi"]
[Black "Chessmissile07"]
[Result "0-1"]
[WhiteElo "2623"]
[BlackElo "2935"]
[TimeControl "180+1"]
[EndTime "9:07:12 PDT"]
[Termination "Chessmissile07 won by resignation"]

1. e4 a6 2. Nf3 d6 3. d4 Nf6 4.
Bd3 g6 5. Bg5 Bg7 6. Nbd2 h6 7.
Bf4 O-O 8. Qe2 Nc6 9. c3 e5 10.
Be3 Nh5 11. d5 Ne7 12. g3 f5 13. exf5 Bxf5 14. Bxf5 Nxf5 15. O-O-O Nf6 16. h3 Nxd5 17.
Qc4 c6 18. g4 Nxe3 19. fxe3 b5 20. Qxc6 Nxe3 21. Rde1 Ng2 22. Rd1 Rc8 23. Qd5+ Kh7 24. h4 Ne3 25. Qe4 Nxd1 26. h5 Nf2 27. Qxg6+ Kh8 28.
Rh2 e4 29. Nh4 Qf6 30. Nxe4 Qf4+ 31. Kc2 Qxe4+ 32. Qxe4 Nxe4 33. Kb3 Nc5+ 34. Ka3 Kh7 35. Re2 Rce8 36. Rd2 Rf4 37. b4 Bxc3 38. Rxd6 Bxb4+ 39. Kb2 Na4+ 40. Kc2 Bxd6 0-1

[Event "Early-Titled-Tuesday-Blitz-March-19-2024"]
[Site "Chess.com"]
[Date "2024.03.19"]
[Round "6"]
[White "Leo_C"]
[Black "whiteglovethief"]
[Result "1-0"]
[WhiteElo "2644"]
[BlackElo "2448"]
[TimeControl "180+1"]
[EndTime "9:07:12 PDT"]
[Termination "Leo_C won by resignation"]

1. d4 e6 2. c4 d5 3. Nf3 a6 4. Nbd2 Nf6 5. g3 c5 6. cxd5 Nxd5 7. Bg2 cxd4 8. Nxd4 Nf6 9. N4b3 Be7 10. O-O O-O 11. Nc4 Qc7 12. Nba5 Rd8 13. Bf4 Rxd1 14. Bxc7 Rxf1+ 15. Kxf1 Nbd7 16. Rd1 Ne8 17. Bf4 f6 18. Nxb7 e5 19.
Nba5 Rb8 20. Nc6 exf4 21. Nxe7+ Kf8 22. Nc6 Rb5 23. gxf4 Rc5 24. b3 Bb7 25. Rxd7 Bxc6 26. Bxc6 Rxc6 27. Ra7 Nc7 28. e3 Nb5 29. Rd7 Nc3 30.
Rd2 Ne4 31. Rd4 Nc3 32. a4 Ke7 33. Ke1 Ke6 34. Kd2 Na2 35. e4 Nb4 36. f5+ Ke7 37. Kc3 Na2+ 38. Kb2 Nb4 39. f3 Rc7 40. h4 Nc6 41.
Rd6 Ne5 42. Re6+ Kf7 43. Nxe5+ fxe5 44. Rxe5 Rd7 45. Rd5 Rxd5 46. exd5 Kf6 47. b4 Kxf5 48. b5 axb5 49. a5 Ke5 50. a6 1-0

[Event "Early-Titled-Tuesday-Blitz-March-19-2024"]
[Site "Chess.com"]
[Date "2024.03.19"]
[Round "6"]
[White "Iball95"]
[Black "fandebobbyfischer"]
[Result "1-0"]
[WhiteElo "2897"]
[BlackElo "2688"]
[TimeControl "180+1"]
[EndTime "9:07:13 PDT"]
[Termination "Iball95 won on time"]

1. e4 e6 2. d4 d5 3. Nc3 Bb4 4. exd5 exd5 5. Bd3 Nf6 6. Nf3 h6 7. O-O O-O 8. Ne2 Bd6 9. Ng3 c5 10. dxc5 Bxc5 11. Bf4 Nc6 12. c3 a6 13. Qd2 Bg4 14. Ne5 Nxe5 15. Bxe5 Bd6 16. Bd4 Re8 17. Rae1 Be6 18.
Re2 Nd7 19. Rfe1 Qh4 20. Bf5 Bf4 21. Qd3 Nf8 22. Qf3 Qg5 23. Bc2 Bd7 24. h3 Bb5 25.
Rxe8 Rxe8 26. Rxe8 Bxe8 27. Nf5 Ne6 28. Qxd5 Bc6 29.
h4 Qg4 30. Ne7+ Kf8 31. Nxc6 Qxh4 32. Ne5 1-0

[Event "Early-Titled-Tuesday-Blitz-March-19-2024"]
[Site "Chess.com"]
[Date "2024.03.19"]
[Round "6"]
[White "BashiqChess"]
[Black "aistrel"]
[Result "0-1"]
[WhiteElo "2448"]
[BlackElo "2654"]
[TimeControl "180+1"]
[EndTime "9:07:13 PDT"]
[Termination "aistrel won by resignation"]

1. Nf3 d5 2. b3 a5 3. a4 f6 4. d4 Bg4 5. e3 Nd7 6. Be2 c6 7. Bb2 Qc7 8. Nbd2 e5 9. dxe5 fxe5 10. h3 Bh5 11. c4 Bb4 12. O-O Ngf6 13.
cxd5 cxd5 14. Rc1 Qd6 15. Nh4 Bxe2 16. Qxe2 O-O 17. Rfd1 Rad8 18. Nhf3 Qe6 19. Bc3 Bxc3 20. Rxc3 b6 21. Rdc1 Nc5 22. Qb5 d4 23. exd4 exd4 24. Rc4 Nd3 25. Rf1 Nf4 26. Rc6 Rd6 27. Rxd6 Qxd6 28.
Qc4+ Kh8 29. Ng5 N6d5 30. Nde4 Qg6 31. Re1 h6 32. Qxd4 hxg5 33. g3 Nxh3+ 34. Kg2 Qf5 35. Rh1 Qf3+ 36. Kxh3 Qxh1+ 37. Kg4 Qxe4+ 38. Qxe4 Nf6+ 39. Kf3 Nxe4+ 40. Kxe4 Rxf2 41. Kd4 g4 42. Kc4 Rf3 43.
Kb5 Rxb3+ 44. Ka6 Rb4 45. Ka7 g5 46. Ka8 Kg7 0-1

[Event "Early-Titled-Tuesday-Blitz-March-19-2024"]
[Site "Chess.com"]
[Date "2024.03.19"]
[Round "6"]
[White "NowInChess"]
[Black "RedFirePanda"]
[Result "0-1"]
[WhiteElo "2262"]
[BlackElo "2536"]
[TimeControl "180+1"]
[EndTime "9:07:13 PDT"]
[Termination "RedFirePanda won on time"]

1. e4 d5 2. exd5 Qxd5 3. Nc3 Qd8 4. d4 Nf6 5. Nf3 c6 6. Bc4 Bf5 7. Qe2 e6 8. Bg5 Be7 9. Ne5 Nbd7 10. O-O-O O-O 11. Bxf6 Bxf6 12. g4 Bg6 13. h4 Bxh4 14.
Nxg6 hxg6 15. f4 g5 16. Qh2 Nf6 17. fxg5 Bxg5+ 18. Kb1 Bh6 19. g5 Ng4 20. Qh3 Qxg5 21. Rdg1 f5 22. Bxe6+ Kh8 23. Bxf5 Qxf5 24. Rxg4 Rad8 25.
a3 Qf6 26. Ne4 Qe6 27. Ng5 Qd6 28. Ne4 Qe6 29. Ng5 Qf6 30. Ne4 Qf7 31. Ng5 Qg8 32. Ne4 Qd5 33. Ng5 Rfe8 34. Nf7+ Qxf7 0-1

[Event "Early-Titled-Tuesday-Blitz-March-19-2024"]
[Site "Chess.com"]
[Date "2024.03.19"]
[Round "6"]
[White "AlexPapasimakopoulos"]
[Black "VitaliyBernadskiy"]
[Result "1/2-1/2"]
[WhiteElo "2760"]
[BlackElo "2874"]
[TimeControl "180+1"]
[EndTime "9:07:14 PDT"]
[Termination "Game drawn by repetition"]

1. d4 d5 2. c4 c6 3. cxd5 cxd5 4. Bf4 Nc6 5. e3 Nf6 6. Nc3 a6 7. Bd3 Bg4 8. Nge2 e6 9. O-O Be7 10. Rc1 O-O 11. Na4 Nh5 12. Be5 f6 13. Bg3 Nxg3 14.
hxg3 e5 15. Nc5 e4 16. Bc2 Bxc5 17. dxc5 Kh8 18. Qd2 Bxe2 19. Qxe2 Qe7 20. Bb3 Rad8 21. Rfd1 Qe5 22. Ba4 f5 23. Bxc6 bxc6 24. Qxa6 Rf6 25. Rd4 g5 26. Qe2 Rg8 27. b4 f4 28. Qg4 Qe8 29. b5 h5 30. Qh3 h4 31. gxf4 gxf4 32.
Qxh4+ Kg7 33. bxc6 Rh8 34. Qg4+ Rg6 35. Qxf4 Qe6 36. Rcd1 Rxg2+ 37. Kf1 Rhh2 38. Rxd5 Rxf2+ 39. Qxf2 Qh3+ 40. Ke1 Rxf2 41. Kxf2 Qf3+ 42. Kg1 Qg3+ 43. Kf1 Qf3+ 44. Kg1 Qg3+ 45. Kf1 Qf3+ 46. Kg1 1/2-1/2

[Event "Early-Titled-Tuesday-Blitz-March-19-2024"]
[Site "Chess.com"]
[Date "2024.03.19"]
[Round "6"]
[White "Chopper1905"]
[Black "Legendinunknown"]
[Result "0-1"]
[WhiteElo "2948"]
[BlackElo "2842"]
[TimeControl "180+1"]
[EndTime "9:07:15 PDT"]
[Termination "Legendinunknown won by checkmate"]

1. Nf3 Nf6 2. c4 e6 3. Nc3 Bb4 4. Qc2 O-O 5. a3 Bxc3 6. Qxc3 d6 7. b4 e5 8. Bb2 Nc6 9. g3 Bf5 10. Bg2 Qd7 11. h3 Rfe8 12. g4 Bg6 13. Nh4 d5 14.
Nxg6 hxg6 15. g5 d4 16. Qg3 Nh5 17. Qg4 Qe7 18. e3 Rad8 19. O-O e4 20. exd4 Nxd4 21. Rae1 Ne6 22. Rxe4 Rxd2 23. Bc1 Ra2 24. Rfe1 Qd6 25. c5 Qd3 26. R4e3 Qc2 27. R3e2 Qb3 28. Rxa2 Qxa2 29.
Bxb7 Rd8 30. Bg2 Qc2 31. Bf1 Rd4 32. Qf3 Nhf4 33. Be3 Qc3 34. Rc1 Qxa3 35. h4 Nd5 36. Re1 Nxe3 37. Rxe3 Qxb4 38. Bh3 Rxh4 39. Bxe6 Qb1+ 40.
Kg2 Qh1+ 41. Kg3 Qh2# 0-1

[Event "Early-Titled-Tuesday-Blitz-March-19-2024"]
[Site "Chess.com"]
[Date "2024.03.19"]
[Round "6"]
[White "esrosenberg"]
[Black "edgarhay012"]
[Result "1-0"]
[WhiteElo "2464"]
[BlackElo "2628"]
[TimeControl "180+1"]
[EndTime "9:07:15 PDT"]
[Termination "esrosenberg won by checkmate"]

1. d4 Nf6 2. Nf3 e6 3. g3 d6 4. Bg2 Be7 5. O-O O-O 6. c4 Nbd7 7. Nc3 Rb8 8. b3 b6 9. Bb2 Bb7 10. Qc2 d5 11. a4 c5 12. a5 bxa5 13. Rfd1 a6 14.
dxc5 Nxc5 15. cxd5 exd5 16. Na4 Nxa4 17. Rxa4 Qb6 18. Rh4 Rbc8 19. Qd3 Ne4 20. Bd4 Qb5 21. Rg4 f6 22. Nh4 g6 23. Nf5 Bb4 24. Qe3 Qd7 25.
Bxe4 Rce8 26. Nh6+ Kg7 27. Nf5+ Kh8 28. Qh6 Rxe4 29.
Rxe4 Qxf5 30. Rf4 Qe6 31. Rh4 Rf7 32. Rc1 Kg8 33. e3 g5 34. Rh5 Bf8 35. Rxg5+ fxg5 36. Qxe6 a4 37. Rc7 Be7 38. Rxe7 Bc8 39. Qxf7# 1-0

[Event "Early-Titled-Tuesday-Blitz-March-19-2024"]
[Site "Chess.com"]
[Date "2024.03.19"]
[Round "6"]
[White "chess123456s"]
[Black "bobo_panda"]
[Result "1-0"]
[WhiteElo "2546"]
[BlackElo "2343"]
[TimeControl "180+1"]
[EndTime "9:07:15 PDT"]
[Termination "chess123456s won by checkmate"]

1. Nf3 Nf6 2. g3 b5 3. Bg2 Bb7 4. O-O e6 5. b3 c5 6. Bb2 Be7 7. a4 b4 8. d3 a5 9. e4 d6 10. Nbd2 Nbd7 11. Nc4 O-O 12. Re1 Ne8 13. Qd2 Bf6 14.
Bxf6 Ndxf6 15. e5 dxe5 16. Rxe5 Rc8 17. Rae1 Nd6 18. Nxd6 Qxd6 19. Qd1 Rfd8 20. Nd2 Bxg2 21. Kxg2 Qc6+ 22. Kg1 Nd7 23. R5e3 Nb6 24. Re5 Rd5 25. Qh5 g6 26. Qg5 Rxe5 27. Qxe5 Rd8 28. Ne4 Nd5 29.
Qg5 Rc8 30. h4 Kg7 31. h5 f6 32. h6+ Kf7 33. Qd2 Re8 34. Qe2 Nc3 35. Nxc3 bxc3 36. Qe3 Qd5 37. Qe4 Rd8 38. Qf4 e5 39. Qg4 Qd7 40. Qc4+ Qd5 41. Qxc3 g5 42. Qxa5 Kg6 43. Qc7 Rd7 44. Qc8 Kxh6 45. a5 Kh5 46. Re4 f5 47. Qe8+ Kh6 48. Rxe5 Qd4 49. Rxf5 Rg7 50. a6 Qa1+ 51.
Kg2 Qxa6 52. Qf8 Kg6 53. Rxg5+ Kxg5 54. Qxg7+ Kh5 55. Qxh7+ Kg5 56. Qe7+ Kf5 57. Qxc5+ Kg6 58. Qd5 Qa1 59. Qe4+ Kf6 60. b4 Qb2 61. Qc4 Kg5 62. b5 Qh8 63. Qd5+ Kg6 64. c4 Qb8 65. Qc6+ Kg5 66. b6 Kg4 67. d4 Qh8 68. Qf3+ Kg5 69. c5 Qxd4 70. Qe3+ Qxe3 71. fxe3 Kf5 72. b7 Ke5 73.
b8=Q+ Ke4 74. Qd6 Kxe3 75. c6 Ke4 76. c7 Ke3 77. c8=Q Ke4 78. Qcf8 Ke3 79. Qe8# 1-0

[Event "Early-Titled-Tuesday-Blitz-March-19-2024"]
[Site "Chess.com"]
[Date "2024.03.19"]
[Round "6"]
[White "OparinGrigoriy"]
[Black "wonderfultime"]
[Result "1-0"]
[WhiteElo "2999"]
[BlackElo "3071"]
[TimeControl "180+1"]
[EndTime "9:07:17 PDT"]
[Termination "OparinGrigoriy won by resignation"]

1. Nc3 e5 2. e4 Nf6 3. Nf3 Nc6 4. h3 Bb4 5. Bd3 O-O 6. O-O d6 7. a3 Ba5 8. Re1 h6 9. Bf1 Re8 10. b4 Bb6 11. Na4 d5 12. Nxb6 axb6 13. exd5 Qxd5 14. Bb2 Bf5 15. d3 Rad8 16. c4 Qd6 17. b5 Nd4 18.
Nxd4 exd4 19. Qf3 Bc8 20. Rxe8+ Rxe8 21. Qg3 Qd7 22. Qf4 Rd8 23. Re1 c5 24. Bc1 Re8 25. Rxe8+ Qxe8 26. Qd6 Bf5 27. Bd2 Nd7 28. f4 h5 29. Kf2 g6 30. Qc7 Qe7 31. Qxb7 Qh4+ 32. g3 Qd8 33. Qf3 Nf6 34. Qc6 Kg7 35. a4 Bd7 36.
Qd6 Qc8 37. f5 Bxf5 38. Bg5 Nh7 39. Qe5+ Kg8 40. Bh6 f6 41. Qe7 Qd7 42. Qxd7 Bxd7 43. Bf4 1-0

[Event "Early-Titled-Tuesday-Blitz-March-19-2024"]
[Site "Chess.com"]
[Date "2024.03.19"]
[Round "6"]
[White "musclemonster12"]
[Black "Lennis93"]
[Result "1-0"]
[WhiteElo "2594"]
[BlackElo "2754"]
[TimeControl "180+1"]
[EndTime "9:07:17 PDT"]
[Termination "musclemonster12 won on time"]

1. e4 c5 2. Nf3 d6 3. d4 cxd4 4. Qxd4 a6 5. Be2 Nc6 6. Qe3 Nf6 7. h3 e6 8. O-O Be7 9. Rd1 Qc7 10. c4 Ne5 11. b3 O-O 12. Bb2 Bd7 13. Nc3 Bc6 14. Nd4 Ng6 15. Rac1 Bd7 16. g3 Rad8 17. h4 Rfe8 18. h5 Nf8 19. h6 g6 20. f3 Qb8 21. g4 Bc8 22. g5 Nh5 23. f4 Nxf4 24. Qxf4 e5 25. Qf2 Bxg5 26. Nd5 Nd7 27. Rf1 Rf8 28. Nc2 Bxh6 29. Rcd1 Bg7 30. Nce3 Rde8 31.
Bg4 f6 32. Qg2 Nc5 33. Bxc8 Qxc8 34. Ng4 Nd7 35. Bc1 h5 36. Nf2 Kh7 37. Be3 Nc5 38. Kh1 Ne6 39. Rg1 g5 40. Qh3 Nf4 41. Qh2 Kg6 42.
Bxf4 Rh8 43. Bxg5 fxg5 44. Rxg5+ Kxg5 45. Rg1+ Kh6 46. Qg3 1-0

[Event "Early-Titled-Tuesday-Blitz-March-19-2024"]
[Site "Chess.com"]
[Date "2024.03.19"]
[Round "6"]
[White "diamonds13"]
[Black "Muracle"]
[Result "0-1"]
[WhiteElo "2339"]
[BlackElo "2553"]
[TimeControl "180+1"]
[EndTime "9:07:19 PDT"]
[Termination "Muracle won by checkmate"]

1. d4 Nf6 2. c4 e6 3. Nc3 Bb4 4. e3 c5 5. Bd3 Nc6 6. Ne2 O-O 7. O-O Bxc3 8. Nxc3 cxd4 9. exd4 Nxd4 10. Bxh7+ Kxh7 11. Qxd4 Qa5 12. Qh4+ Qh5 13. Qg3 d5 14. Bg5 Ne4 15.
Nxe4 dxe4 16. Rad1 b6 17. Be7 Re8 18. Qc7 Ba6 19. Bd8 Rc8 20. Qxa7 Bxc4 21. Bxb6 Bxf1 22. Rxf1 Qd5 23. Qa3 Ra8 24. Qh3+ Kg8 25. a3 Rab8 26. Qe3 Qd3 27. Bd4 Red8 28. Be5 Rb5 29. Bc3 Rf5 30. Re1 Qc2 31. Qg3 f6 32. h4 Rd3 33. Re3 Qc1+ 34.
Kh2 Rxe3 35. fxe3 Qd1 36. Qb8+ Kh7 37. Qe8 Qg4 38. Be1 Rf1 39. Bg3 Qd1 40. Bf4 Rh1+ 41. Kg3 Qe1+ 42. Kg4 f5+ 43. Kg5 Qxh4# 0-1

[Event "Early-Titled-Tuesday-Blitz-March-19-2024"]
[Site "Chess.com"]
[Date "2024.03.19"]
[Round "6"]
[White "SuperPower2011"]
[Black "Seochesspie"]
[Result "0-1"]
[WhiteElo "2776"]
[BlackElo "2899"]
[TimeControl "180+1"]
[EndTime "9:07:20 PDT"]
[Termination "Seochesspie won on time"]

1. e4 c5 2. Nf3 d6 3. d4 cxd4 4. Nxd4 Nf6 5. Nc3 a6 6. h3 e5 7. Nde2 h5 8. Be3 Be6 9. Qd2 Nbd7 10. O-O-O b5 11. f3 Nb6 12. Bg5 Nc4 13. Qd3 Rc8 14.
Kb1 Be7 15. h4 Qc7 16. Ng3 g6 17. Nd5 Bxd5 18. exd5 O-O 19. Be2 a5 20. Bxf6 Bxf6 21. Ne4 Bg7 22. g4 a4 23. a3 f5 24. gxf5 gxf5 25. Ng5 e4 26. fxe4 Nxb2 27. Ne6 Nxd3 28.
Nxc7 Nf2 29. Ne6 Nxd1 30. Rxd1 fxe4 31. Nxf8 Kxf8 32. Bxh5 Rc3 33. Rf1+ Kg8 34. Bf7+ Kh7 35. Ka2 Rxc2+ 36. Kb1 Rb2+ 37. Kc1 Ra2 38. Rd1 Rxa3 39. Kc2 Ra2+ 40. Kb1 Ra1+ 41. Kc2 Ra2+ 42. Kb1 Rb2+ 43. Kc1 a3 44. h5 Bh6+ 0-1

[Event "Early-Titled-Tuesday-Blitz-March-19-2024"]
[Site "Chess.com"]
[Date "2024.03.19"]
[Round "6"]
[White "jefferyx"]
[Black "Blitzstream"]
[Result "1-0"]
[WhiteElo "3088"]
[BlackElo "2827"]
[TimeControl "180+1"]
[EndTime "9:07:21 PDT"]
[Termination "jefferyx won on time"]

1. Nf3 d5 2. c4 c6 3. d4 Nf6 4.
cxd5 cxd5 5. Nc3 Nc6 6. Bf4 Ne4 7. e3 Nxc3 8. bxc3 g6 9. Be2 Bg7 10. O-O O-O 11. Nd2 e5 12. Bg3 Bf5 13. a4 Rc8 14.
Nb3 exd4 15. cxd4 Nb4 16. a5 Nc2 17. Ra2 Nb4 18. Rb2 Qe7 19. Qd2 b6 20. axb6 axb6 21. Nc1 Nc2 22. Rxb6 Qa7 23. Rb5 Rfd8 24. Bd3 Bxd3 25.
Nxd3 Qa4 26. Rc5 Na3 27. Ra1 Bf8 28. Qc1 Bxc5 29. Nxc5 Qc2 30. Qxa3 h5 31. h4 Qf5 32.
Qb3 Qg4 33. Qb7 g5 34. Qe7 gxh4 35. Qxh4 Qxh4 36. Bxh4 Rd6 37. Ra7 Kg7 38. Bg3 Rdc6 39. Rd7 Kg6 40. Rxd5 Ra8 41. Nd3 f6 42. Nf4+ Kg7 43.
Nxh5+ Kh6 44. Nf4 Kg7 45. Bh4 Rh8 46. g3 Rc1+ 47. Kg2 Ra8 48. Nh5+ Kg6 49. Nxf6 Ra2 50. Ng4 Raa1 51. Rg5+ Kh7 52. Nf6+ Kh6 53. Rg8 Ra5 54. d5 Rg1+ 55. Kf3 1-0

[Event "Early-Titled-Tuesday-Blitz-March-19-2024"]
[Site "Chess.com"]
[Date "2024.03.19"]
[Round "6"]
[White "LileKoridze"]
[Black "TV27"]
[Result "1/2-1/2"]
[WhiteElo "2437"]
[BlackElo "2259"]
[TimeControl "180+1"]
[EndTime "9:07:21 PDT"]
[Termination "Game drawn by repetition"]

1. d4 f5 2. c4 Nf6 3. g3 g6 4. Bg2 Bg7 5. Nh3 O-O 6. O-O e6 7. Nc3 d6 8. Nf4 c6 9. d5 e5 10. dxc6 bxc6 11. Nd3 e4 12. Nb4 a5 13. Nc2 a4 14. Rb1 Be6 15. b3 axb3 16. axb3 c5 17. Nb5 d5 18. cxd5 Nxd5 19. Be3 Nxe3 20. Nxe3 Nc6 21.
Nc4 Nd4 22. Nxd4 cxd4 23. Qd2 Qc7 24. Rfc1 Bxc4 25. Rxc4 Qe5 26. Rbc1 Rfb8 27. Qc2 h6 28. Rc7 Qb5 29. Bf1 Kh7 30. b4 Qxb4 31. Qc6 e3 32.
f4 Rg8 33. Rb7 Qd2 34. Rb6 Bf8 35. Rc2 Qd1 36. Rb7+ Rg7 37. Rxg7+ Bxg7 38. Rc1 Qd2 39. Rc2 Qd1 40. Rc1 Qd2 41. Rc2 Qd1 1/2-1/2

[Event "Early-Titled-Tuesday-Blitz-March-19-2024"]
[Site "Chess.com"]
[Date "2024.03.19"]
[Round "6"]
[White "AlexOstrovskiy"]
[Black "ketster"]
[Result "0-1"]
[WhiteElo "2734"]
[BlackElo "2570"]
[TimeControl "180+1"]
[EndTime "9:07:22 PDT"]
[Termination "ketster won by checkmate"]

1. e4 c5 2. Nc3 Nc6 3. Bb5 Nd4 4. Nf3 e6 5. O-O Ne7 6. Nxd4 cxd4 7. Ne2 a6 8. Bd3 Nc6 9. c3 Bc5 10. b4 Ba7 11.
Bb2 d5 12. a4 dxe4 13. Bxe4 e5 14. b5 Na5 15. cxd4 exd4 16. bxa6 O-O 17. Qb1 Rb8 18. Bxh7+ Kh8 19. Ba3 bxa6 20. Qc2 Re8 21. Bd3 Be6 22.
Bxa6 Bb3 23. Qf5 Nc4 24. Ng3 Re5 25. Qf4 Ra5 26. Bb5 Nxa3 27. Rxa3 Rbxb5 28. axb5 Rxa3 29. Nf5 Be6 30. Nxd4 Qxd4 31. Qg5 Rb3 32. Qe7 Bc5 33. Qe8+ Kh7 34. h3 Qxd2 35. Qc6 Qd6 36. Qe4+ g6 37.
Qb7 Qd7 38. Qe4 Rxb5 39. Qe5 Bxf2+ 40. Rxf2 Rxe5 41. Rxf7+ Bxf7 42. h4 Qd1+ 43. Kh2 Qg4 44. h5 Rxh5+ 45. Kg1 Bd5 46. g3 Qxg3+ 47. Kf1 Rh1+ 48.
Ke2 Qf3+ 49. Kd2 Rh2+ 50. Ke1 Qh1# 0-1

[Event "Early-Titled-Tuesday-Blitz-March-19-2024"]
[Site "Chess.com"]
[Date "2024.03.19"]
[Round "6"]
[White "RandomNoob04"]
[Black "Al_Shima"]
[Result "1-0"]
[WhiteElo "2669"]
[BlackElo "2466"]
[TimeControl "180+1"]
[EndTime "9:07:22 PDT"]
[Termination "RandomNoob04 won by resignation"]

1. e4 c6 2. d4 d5 3. Nc3 dxe4 4.
Nxe4 Nf6 5. Ng5 h6 6. Nxf7 Kxf7 7. Nf3 e6 8. Bd3 c5 9. c3 Nc6 10. O-O cxd4 11. cxd4 Bd6 12. Re1 Qc7 13. Qe2 Rd8 14.
Bd2 Kg8 15. Rac1 Qf7 16. Ne5 Nxd4 17. Qe3 Bxe5 18. Qxe5 Nc6 19. Qg3 Rxd3 20. Qxd3 e5 21. Bc3 Be6 22. Bxe5 Rd8 23. Qg3 Nxe5 24. Qxe5 Bd5 25.
Rc7 Qg6 26. Qg3 Qxg3 27. hxg3 Re8 28. Ree7 Rxe7 29. Rxe7 Kf8 30. Rc7 Bc6 31. b4 Ne8 32. Rc8 Ke7 33. f3 Kd7 34. Ra8 a6 35. Kf2 Kc7 36. Ke3 Nd6 37. Rg8 Kb6 38. g4 Kb5 39.
Rxg7 Kxb4 40. Rg6 Nc4+ 41. Kd4 Na3 42. Rxh6 Nb5+ 43. Ke5 Ka3 44. g5 Nc3 45. Rxc6 bxc6 46. g6 Nd5 47. g7 Ne7 48. f4 c5 49. f5 c4 50. f6 Ng8 51. f7 Nh6 52. f8=Q+ Kb2 53. Qb4+ Kxa2 54. Qxc4+ 1-0